 Dungeon Crawl Stone Soup version 0.31-a0-202-g547052bce9 (webtiles) character file.

Game seed: 15844089562110912569

120 qw the Skirmisher (level 4, -2/25 HPs)
             Began as a Deep Elf Hunter on June 26, 2023.
             Slain by a gnoll
             ... wielding a +0 halberd
              (12 damage)
             ... on level 3 of the Dungeon.
             The game lasted 00:00:38 (1512 turns).

qw the Skirmisher (Deep Elf Hunter)                 Turns: 1512, Time: 00:00:38

Health: -2/25      AC:  6    Str: 10    XL:     4   Next: 75%
Magic:  6/6        EV: 11    Int: 14    God:
Gold:   47         SH:  0    Dex: 18    Spells: 3/3 levels left

rFire   . . .        Y - +0 shortbow
rCold   . . .        (shield currently unavailable)
rNeg    . . .        d - +0 ring mail
rPois   .            (no helmet)
rElec   .            h - +0 cloak
rCorr   .            (no gloves)
SInv    .            (no boots)
Will    .....        (no amulet)
Stlth   +            (no ring)
HPRegen 0.24/turn    (no ring)
MPRegen 0.10/turn

%: no passive effects
@: no status effects
A: no striking features
a: no special abilities


You were on level 3 of the Dungeon.
You visited 1 branch of the dungeon, and saw 3 of its levels.

You collected 105 gold pieces.
You spent 58 gold pieces at shops.


   Skills:
 - Level 1.5 Fighting
 + Level 8.2 Ranged Weapons
 - Level 2.4 Dodging
 - Level 1.2 Stealth


You had 3 spell levels left.
You didn't know any spells.
Your spell library was empty.

Inventory:

Hand Weapons
 Y - a +0 shortbow (weapon)
Armour
 d - a +0 ring mail (worn)
 h - a +0 cloak (worn)
Scrolls
 b - a scroll of noise {unknown}
 e - a scroll of poison {unknown}
Potions
 a - a potion of mutation {unknown}
 c - a potion of enlightenment {unknown}
 f - 2 potions of curing
 g - a potion of lignification {unknown}

Dungeon Overview and Level Annotations

Branches:
Dungeon (3/15)

Altars:
Dithmenos
Qazlal

Shops:
D:2 [


Message History

You kill the bat! 2 gnolls come into view.
A gnoll is wielding a +1 whip of flaming.
Found 10 gold pieces.
The gnoll shouts!
There is an open door here.
Enter note:
Enter note: You shoot an arrow.
The arrow closely misses the gnoll.
The gnoll shouts!
A gnoll comes into view. It is wielding a +0 club.
A gnoll comes into view. It is wielding a +0 spear.
You shoot an arrow. The arrow completely misses the gnoll.
The gnoll shouts!
The arrow hits the gnoll!
The gnoll is heavily wounded.
You shoot an arrow.
The arrow hits the gnoll but does no damage.
You shoot an arrow. The arrow barely misses the gnoll.
You shoot an arrow. The arrow hits the gnoll.
The gnoll is moderately wounded.
The gnoll hits you with a +1 whip of flaming.
The gnoll burns you.
You shoot an arrow. The arrow hits the gnoll.
The gnoll is heavily wounded.
The gnoll closely misses you.
You shoot an arrow. The arrow hits the gnoll!
You kill the gnoll!
The gnoll closely misses you. The gnoll hits you but does no damage.
You shoot an arrow. The arrow barely misses the gnoll.
The arrow hits the gnoll.
The gnoll is moderately wounded.
The gnoll barely misses you.
The gnoll hits you from afar with a +0 spear.
The gnoll closely misses you.
You shoot an arrow. The arrow hits the gnoll.
The gnoll is severely wounded.
The gnoll hits you with a +1 whip of flaming.
The gnoll burns you. The gnoll closely misses you. The gnoll barely misses you.
The gnoll hits you from afar with a +0 halberd!
You die...

....##.#... ##
###).. .##..#
.##.#. #..# .
..## .#.## #...
#.# ..## ##.#
#.$ #+###....
#.. .......#.###
###.
.......#...#
#...
.......###.####
#.##
.....gg@......#
##.#.
.....g)##.##.###
#..#. .......
#.##...#####.##.
.......
#.####..#....##.
$...... #.#
##..>#####.
####### #.#
###.# #. ..# #.#
#. ..+ #.# #.
..# #.# ##


You could see 3 gnolls.

Vanquished Creatures
  A hound (D:3)
  A gnoll (D:3)
  An adder (D:3)
  A worm (D:3)
  8 orcs (D:3)
  7 endoplasms
  7 giant cockroaches
  4 goblins
  4 hobgoblins (D:2)
  4 kobolds
  A quokka (D:1)
  2 ball pythons
  8 bats
  4 frilled lizards
  3 rats (D:2)
56 creatures vanquished.

Notes
Turn   | Place    | Note
-------+----------+-------------------------------------------
     0 | D:1      | qw the Deep Elf Hunter began the quest for the Orb.
     0 | D:1      | Reached XP level 1. HP: 12/12 MP: 3/3
     0 | D:1      | 0 ||| qw: Version: 0.3-a-22-g0ed2b0b
     0 | D:1      | 0 ||| qw: Game counter: 6322
     0 | D:1      | 0 ||| qw: Melee chars always use a shield: true
     0 | D:1      | 0 ||| qw: God list: Okawaru
     0 | D:1      | 0 ||| qw: Allow faded altars: false
     0 | D:1      | 0 ||| qw: Do Orc after clearing Dungeon:15 true
     0 | D:1      | 0 ||| qw: Do second Lair branch before Depths: true
     0 | D:1      | 0 ||| qw: Lair rune preference: random
     0 | D:1      | 0 ||| qw: Goals: Normal
     0 | D:1      | 0 ||| PLANNING D:1-11
    75 | D:1      | Found a faded altar of an unknown god.
    99 | D:1      | Reached skill level 6 in Ranged Weapons
    99 | D:1      | Reached XP level 2. HP: 16/16 MP: 4/4
   469 | D:1      | 469 ||| UPGRADING to +0 ring mail.
   479 | D:1      | 479 ||| DROPPING +0 leather armour.
   480 | D:1      | 480 ||| READING scroll labelled MUTSUG NUIVABO.
   481 | D:1      | 481 ||| DROPPING scroll of butterflies.
   612 | D:2      | Reached XP level 3. HP: 16/20 MP: 5/5
  1120 | D:2      | Found Uttyck's Armour Shop.
  1137 | D:2      | 1137 ||| BUYING +0 cloak (58 gold).
  1137 | D:2      | Bought a +0 cloak for 58 gold pieces
  1137 | D:2      | 1137 ||| SHOPLISTING +0 helmet (58 gold, have 35).
  1137 | D:2      | 1137 ||| SHOPLISTING +2 pearl dragon scales (1409 gold,
                  | have 35).
  1137 | D:2      | 1137 ||| SHOPLISTING +2 ring mail of poison resistance (234
                  | gold, have 35).
  1172 | D:2      | 1172 ||| UPGRADING to +0 cloak.
  1177 | D:2      | 1177 ||| READING scroll labelled REFRUAGHIN.
  1178 | D:2      | 1178 ||| READING scroll labelled FELYAF QASOKKE.
  1183 | D:2      | 1183 ||| DRINKING 3 clear potions.
  1211 | D:3      | Reached skill level 7 in Ranged Weapons
  1211 | D:3      | 1211 ||| STAIRDANCE
  1278 | D:3      | Found a stormy altar of Qazlal.
  1278 | D:3      | Found a shadowy altar of Dithmenos.
  1301 | D:3      | Reached XP level 4. HP: 22/25 MP: 6/6
  1367 | D:3      | Reached skill level 8 in Ranged Weapons
  1512 | D:3      | Slain by a gnoll

Levels and vault maps discovered:
D:1:      lemuel_arrival_broad_hall, layout_basic,
          ebering_ecumenical_altar_rust, kennysheep_minor_cross
D:2:      layout_basic, serial_shops, shop
D:3:      layout_basic, mainiacjoe_overflow_large_starburst, uniq_terence,
          uniq_sigmund

Skill      XL: |  1  2  3  4 |
---------------+-------------+-----
Ranged Weapons | 6 7 8 |  8.2
Fighting       | |  1.5
Dodging        | |  2.4
Stealth        | |  1.2

Action                     |  1- 3 |  4- 6 || total
---------------------------+-------+-------++-------
   Fire: Shortbow          |   112 |    38 ||   150
    Use: Scroll            |     3 |       ||     3
         Potion            |     1 |       ||     1
 Armour: Ring mail         |    17 |     6 ||    23
  Dodge: Dodged            |    30 |    12 ||    42

Table legend:
 A = Non-vault XP
 B = Vault XP
 C = Vault XP percentage of total XP
 D = Non-vault monster count
 E = Vault monster count
 F = Vault count percentage of total count
                 A         B        C        D         E       F
            +---------+---------+-------+---------+---------+-------
      Total |     172 |       0 |   0.0 |      56 |       0 |   0.0
            +---------+---------+-------+---------+---------+-------
        D:1 |      26 |       0 |   0.0 |      16 |       0 |   0.0
        D:2 |      36 |       0 |   0.0 |      23 |       0 |   0.0
        D:3 |     110 |       0 |   0.0 |      17 |       0 |   0.0
            +---------+---------+-------+---------+---------+-------
